 Dungeon Crawl Stone Soup version 0.30-a0-618-gd6c86c23d0 (webtiles) character file.

Game seed: 15643812643267853840

1429 KennySheep the Purveyor of Pain (level 8, 0/36 (44) HPs)
             Began as a Deep Elf Hedge Wizard on Dec 31, 2022.
             Was an Initiate of Kikubaaqudgha.
             Slain by an unseen horror (7 damage)
             ... on level 6 of the Dungeon on Jan 10, 2023.
             The game lasted 00:38:48 (8381 turns).

KennySheep the Purveyor of Pain (DEHW)              Turns: 8381, Time: 00:38:48

HP:   0/36 (44)     AC:  6    Str:  7    XL:     8   Next: 44%
MP:   9/21          EV: 13    Int: 22    God:    Kikubaaqudgha [......]
Gold: 342           SH:  0    Dex: 14    Spells: 6/21 levels left

rFire   . . .      SeeInvis .    f - +1 dagger (vamp)
rCold   . . .      Faith    .    (no shield)
rNeg    . . .      Spirit   .    b - +0 robe
rPois   .          Reflect  .    q - +0 helmet
rElec   .          Harm     .    (no cloak)
rCorr   +          Rampage  +    y - +1 pair of gloves
Will    +....                    e - +0 pair of boots {rampage}
Stlth   ++                       (no amulet)
HPRegen 0.26/turn                s - ring of willpower
MPRegen 0.17/turn                c - ring of resist corrosion

@: heavily drained
A: no striking features
a: Renounce Religion


You were on level 6 of the Dungeon.
You worshipped Kikubaaqudgha.
Kikubaaqudgha was noncommittal.
You visited 2 branches of the dungeon, and saw 9 of its levels.

You collected 342 gold pieces.

Inventory:

Hand Weapons
 a - a +0 dagger
 f - a +1 vampiric dagger (weapon)
Armour
 b - a +0 robe (worn)
 e - a +0 pair of boots of rampaging (worn)
 q - a +0 helmet (worn)
 y - a +1 pair of gloves (worn)
Jewellery
 c - a ring of resist corrosion (right hand)
 s - a ring of willpower (left hand)
Wands
 d - a wand of iceblast (8)
Scrolls
 i - a scroll of amnesia {unknown}
 j - 3 scrolls of teleportation
 l - 3 scrolls of vulnerability
 m - a scroll of magic mapping {unknown}
 r - a scroll of noise {unknown}
 v - a scroll of fog
 w - a scroll of blinking
 x - a scroll of immolation
Potions
 g - a potion of flight {unknown}
 h - a potion of might {unknown}
 k - 2 potions of curing
 n - 2 potions of ambrosia
 t - 2 potions of lignification
 u - a potion of heal wounds


   Skills:
 + Level 2.2 Fighting
 + Level 4.3 Dodging
 - Level 2.4 Stealth
 - Level 7.4 Spellcasting
 - Level 3.2 Conjurations
 - Level 1.9 Summonings
 * Level 7.6 Necromancy
 - Level 1.7 Translocations
 - Level 2.3 Air Magic
 - Level 2.5 Poison Magic


You had 6 spell levels left.
You knew the following spells:

 Your Spells              Type           Power      Damage    Failure   Level
a - Magic Dart            Conj           88%        1d7       1%          1
b - Blink                 Tloc           30%        N/A       6%          2
c - Call Imp              Summ           16%        N/A       5%          2
d - Slow                  Hex            32%        N/A       8%          1
e - Cigotuvi's Dreadful   Necr/Pois/Air  52%        N/A       2%          2
f - Mephitic Cloud        Conj/Pois/Air  20%        N/A       8%          3
g - Vampiric Draining     Necr           41%        2d8       1%          3
h - Necrotise             Necr           100%       1d9       1%          1

Your spell library contained the following spells:

 Spells                   Type           Power      Damage    Failure   Level
 Sublimation of Blood     Necr           41%        N/A       1%          2
 Beastly Appendage        Tmut           16%        N/A       8%          1
 Agony                    Necr           41%        N/A       10%         5
 Wereblood                Tmut           8%         N/A       12%         2
 Spider Form              Tmut/Pois      13%        N/A       14%         3
 Airstrike                Air            9%         2d(2-18)  30%         4
 Summon Lightning Spire   Summ/Air       17%        N/A       32%         4
 Death Channel            Necr           20%        N/A       47%         6


Dungeon Overview and Level Annotations

Branches:
Dungeon (8/15)             Temple (1/1) D:7
   Lair: D:8-11

Altars:
Ashenzari
Cheibriados
Dithmenos
Elyvilon
Fedhas
Gozag
Hepliaklqana
Kikubaaqudgha
Makhleb
Nemelex Xobeh
Okawaru
Qazlal
Ru
Uskayaw
Vehumet
Wu Jian
Xom
Yredelemnul
Zin
The Shining One


Message History

Aim: a howler monkey (moderately wounded, catching its breath)
You draw life force from the howler monkey!
You kill the howler monkey!
Kikubaaqudgha accepts your kill.
You feel life coursing into your body.
Magic restored.
You see here a howler monkey corpse.
Something hits you.
Deactivating autopickup; reactivate with Ctrl-A.
Something barely misses you. Something hits you!
You hit something. Something hits you but does no damage. Something hits you.
Casting: Vampiric Draining (safe; 1% risk of failure)
Confirm with . or Enter, or press ? or * to list all spells.
Aiming: Vampiric Draining (safe; 1% risk of failure)
Press: ? - help, Shift-Dir - straight line You draw life force from something!
You feel life coursing into your body. Something hits you but does no damage.
Something hits you.
Casting: Vampiric Draining (safe; 1% risk of failure)
Confirm with . or Enter, or press ? or * to list all spells.
Aiming: Vampiric Draining (safe; 1% risk of failure)
Press: ? - help, Shift-Dir - straight line You draw life force from something.
You feel life coursing into your body. Something hits you but does no damage.
Casting: Vampiric Draining (safe; 1% risk of failure)
Confirm with . or Enter, or press ? or * to list all spells.
Aiming: Vampiric Draining (safe; 1% risk of failure)
Press: ? - help, Shift-Dir - straight line Nothing appears to happen.
Something hits you! Something hits you but does no damage.
Casting: Vampiric Draining (safe; 1% risk of failure)
Confirm with . or Enter, or press ? or * to list all spells.
Aiming: Vampiric Draining (safe; 1% risk of failure)
Press: ? - help, Shift-Dir - straight line You draw life force from something!
You feel life coursing into your body. Something hits you! x2
* * * LOW HITPOINT WARNING * * *
Something hits you!
You die...
Kikubaaqudgha rasps: "You have failed me!
Welcome... death!"

#.#
###
#.#
#.###
#...#
###.#
#.#
#.#
##
#.#
.>
#@#
.#
#{#
#.#
#.#
#.#
#..
###


There were no monsters in sight!

Vanquished Creatures
  Prince Ribbit (D:6)
  Duvessa (D:6)
  A black bear (D:7)
  2 ogres
  2 kobold brigands
  Dowan (D:6)
  2 killer bees (D:7)
  A howler monkey (D:6)
  3 hounds
  4 iguanas
  2 orc wizards
  11 adders
  A white imp (D:6)
  2 ufetubi
  A dart slug (D:1)
  3 worms
  21 orcs
  2 ball pythons (D:1)
  6 endoplasms
  2 giant cockroaches (D:3)
  17 goblins
  5 hobgoblins
  8 jackals (D:2)
  10 kobolds
  2 quokkas
  6 bats
  7 rats
124 creatures vanquished.

Vanquished Creatures (collateral kills)
  A killer bee (D:7)
  A white imp (D:5)
  2 orcs (D:3)
  2 kobolds (D:7)
6 creatures vanquished.

Vanquished Creatures (others)
  Terence (D:3)
1 creature vanquished.

Grand Total: 131 creatures vanquished

Notes
Turn   | Place    | Note
-------+----------+-------------------------------------------
     0 | D:1      | KennySheep the Deep Elf Hedge Wizard began the quest for
                  | the Orb.
     0 | D:1      | Reached XP level 1. HP: 10/10 MP: 7/7
   423 | D:1      | Reached XP level 2. HP: 15/15 MP: 5/9
   894 | D:1      | Reached skill level 5 in Spellcasting
  1231 | D:2      | Learned a level 2 spell: Blink
  1234 | D:2      | Learned a level 2 spell: Call Imp
  1236 | D:2      | Learned a level 1 spell: Slow
  1239 | D:2      | Learned a level 2 spell: Cigotuvi's Dreadful Rot
  1332 | D:2      | Reached XP level 3. HP: 19/19 MP: 9/11
  1425 | D:2      | Found a faded altar of an unknown god.
  1772 | D:2      | Learned a level 3 spell: Mephitic Cloud
  2345 | D:3      | Reached skill level 1 in Poison Magic
  2345 | D:3      | Reached XP level 4. HP: 24/24 MP: 8/13
  2348 | D:3      | Noticed Terence
  2400 | D:3      | Reached skill level 1 in Air Magic
  2827 | D:3      | Noticed an ogre
  3719 | D:3      | Killed Terence
  3720 | D:3      | Reached XP level 5. HP: 20/28 MP: 6/15
  3854 | D:3      | Killed an ogre
  3923 | D:3      | Learned a level 3 spell: Vampiric Draining
  3935 | D:3      | Learned a level 1 spell: Necrotise
  4095 | D:3      | Reached XP level 6. HP: 27/32 MP: 3/17
  4210 | D:3      | Found a snail-covered altar of Cheibriados.
  4542 | D:4      | Reached skill level 1 in Necromancy
  4559 | D:4      | Found a glowing silver altar of Zin.
  4922 | D:4      | Got the Writings on the Squall and Malignant Mysteries
  5392 | D:5      | Entered Level 5 of the Dungeon
  5866 | D:5      | Found a glowing golden altar of the Shining One.
  6244 | D:5      | Found a hazy altar of Hepliaklqana.
  6327 | D:6      | Noticed Duvessa
  6714 | D:6      | Noticed Prince Ribbit
  6803 | D:6      | Noticed Dowan
  6875 | D:5      | Upgraded the game from 0.30-a0-576-g89cddaab80 to
                  | 0.30-a0-618-gd6c86c23d0
  7004 | D:6      | Reached XP level 7. HP: 33/36 MP: 11/19
  7244 | D:6      | Killed Prince Ribbit
  7245 | D:6      | Reached skill level 5 in Necromancy
  7307 | D:6      | Found a sacrificial altar of Ru.
  7486 | D:7      | Reached skill level 1 in Fighting
  7491 | D:7      | Found a staircase to the Ecumenical Temple.
  7499 | Temple   | Entered the Ecumenical Temple
  7641 | Temple   | Became a worshipper of Kikubaaqudgha
  7674 | D:7      | Reached XP level 8. HP: 22/26 MP: 6/21
  8024 | D:6      | Killed Duvessa
  8197 | D:6      | Killed Dowan
  8213 | D:6      | Found a burning altar of Makhleb.
  8381 | D:6      | Slain by an unseen horror

Illustrated notes

Levels and vault maps discovered:
D:1:      dpeg_arrival_rooms_with_view, layout_basic, minmay_close_crescents
D:2:      layout_basic, hellmonk_ecumenical_altar_inner_sanctum
D:3:      layout_basic, slow_altar_2, minmay_ogre_servants, uniq_terence
D:4:      layout_loops_ring, zin_statuary
D:5:      layout_loops_cross, mainiacjoe_overflow_alcove_2, tso_altar,
          serial_glass, glass_columns_b, glass_columns_b, glass_columns_c,
          glass_columns_a, glass_columns_a, glass_columns_c, glass_columns_a,
          glass_columns_a, glass_columns_a, glass_columns_a, chequers_arboretum
D:6:      layout_loops_ring, mainiacjoe_overflow_chevrons,
          makhleb_heckhound_becter, uniq_prince_ribbit1, uniq_duvessa,
          uniq_crazy_yiuf_cottage
D:7:      layout_rooms, lemuel_round_altar, temple_fountains
D:8:      layout_cave_pools, nicolae_shop_firing_range, uniq_psyche
Temple:   nicolae_temple_ecumenical_triangle

Skill      XL: |  1  2  3  4  5  6  7  8 |
---------------+-------------------------+-----
Spellcasting   | 5 6 7 |  7.4
Conjurations   | 2 3 |  3.2
Poison Magic   | 1 2 |  2.5
Air Magic      | 1 2 |  2.3
Necromancy     | 4 6 7 |  7.6
Fighting       | 1 2 |  2.2
Dodging        | 3 4 |  4.3
Stealth        | |  2.4
Summonings     | |  1.9
Translocations | |  1.7

Action                   |  1- 3 |  4- 6 |  7- 9 || total
-------------------------+-------+-------+-------++-------
Melee: Dagger            |       |    20 |    25 ||    45
       Punch             |       |       |     2 ||     2
 Cast: Magic Dart        |   111 |    87 |     9 ||   207
       Call Imp          |     5 |    13 |     4 ||    22
       Mephitic Cloud    |       |     5 |     5 ||    10
       Slow              |       |     4 |     2 ||     6
       Cigotuvi's Dreadf |       |     1 |     9 ||    10
       Necrotise         |       |   159 |    19 ||   178
       Vampiric Draining |       |       |    24 ||    24
       Blink             |       |       |     3 ||     3
  Use: Scroll            |     2 |       |     5 ||     7
       Potion            |       |     6 |     3 ||     9
 Stab: Confused          |       |     1 |     3 ||     4
       Sleeping          |       |       |     3 ||     3
Armor: Robe              |     4 |    31 |    22 ||    57
Dodge: Dodged            |    12 |   106 |    51 ||   169

Table legend: (Time is in decaauts)
 A = Elapsed time spent in this place.
 B = Non-inter-level travel time spent in this place.
 C = Inter-level travel time spent in this place.
 D = Time resting spent in this place.
 E = Time spent auto-exploring this place.
 F = Levels seen in this place.
 G = Mean time per level.
                   A        B        C        D        E       F      G
               +--------+--------+--------+--------+--------+-----+--------+
         Total |   8384 |   7924 |    460 |   1395 |   5044 |   9 |  931.6 |
       Dungeon |   8219 |   7763 |    456 |   1364 |   4959 |   8 | 1027.4 |
        Temple |    164 |    160 |      4 |     31 |     85 |   1 |  164.0 |
               +--------+--------+--------+--------+--------+-----+--------+

Top non-repeatable levels by time:
     D:3: 1881 daAuts
     D:2: 1381 daAuts
     D:5: 1237 daAuts
     D:1: 1195 daAuts
     D:6: 1192 daAuts
     D:4: 935 daAuts
     D:7: 394 daAuts
  Temple: 164 daAuts
     D:8: 1 daAuts
